 Dungeon Crawl Stone Soup version 0.20-a0-1058-g0491fde (webtiles) character file.

35 Gorglomux the Chopper (level 3, -3/30 HPs)
             Began as a Hill Orc Skald on Apr 26, 2017.
             Slain by an adder (5 damage)
             ... on level 2 of the Dungeon.
             The game lasted 00:01:04 (613 turns).

Gorglomux the Chopper (Hill Orc Skald)               Turns: 613, Time: 00:01:04

Health: -3/30      AC:  3    Str: 13    XL:     3   Next: 33%
Magic:  5/5        EV: 11    Int: 13    God:
Gold:   33         SH:  0    Dex: 11    Spells: 4/5 levels left

rFire    + . .     SeeInvis .   a - +0 hand axe
rCold    + . .     Gourm    .   (no shield)
rNeg     . . .     Faith    .   b - +0 leather armour
rPois    +         Spirit   .   (no helmet)
rElec    +         Reflect  .   (no cloak)
rCorr    +         Harm     .   (no gloves)
MR       .....                  (no boots)
Stlth    +.........             (no amulet)
Regen    0.1/turn               (no ring)
MPRegen  0.1/turn               (no ring)

@: lethally poisoned (-3 -> -6), resistant
A: no striking features
a: no special abilities


You were on level 2 of the Dungeon.
You were not hungry.

You visited 1 branch of the dungeon, and saw 2 of its levels.

You collected 33 gold pieces.

Inventory:

Hand Weapons
 a - a +0 hand axe (weapon)
Armour
 b - a +0 leather armour (worn)
 o - a +1 helmet
   (You found it on level 1 of the Dungeon)
Jewellery
 e - an uncursed ring of fire {unknown}
   (You found it on level 1 of the Dungeon)
Scrolls
 g - a scroll of remove curse {unknown}
 h - a scroll of enchant armour {unknown}
 l - a scroll of amnesia {unknown}
 m - a scroll of teleportation {unknown}
 n - a scroll of identify {unknown}
Books
 c - a book of Battle
Comestibles
 d - 3 bread rations {@e1@e1}
 j - 2 meat rations {@e2@e2}


   Skills:
 - Level 2.4 Fighting
 + Level 4.9 Axes
 - Level 1.1 Armour
 - Level 1.5 Dodging
 - Level 1.5 Spellcasting
 - Level 2.6 Charms


You had 4 spell levels left.
You knew the following spells:

 Your Spells              Type           Power        Failure   Level  Hunger
a - Infusion              Chrm           #...         11%         1    ##.....


Dungeon Overview and Level Annotations

Branches:
Dungeon (2/15)

Altars:
Gozag

Annotations:
D:2 Natasha


Message History

Natasha casts a spell.
An adder comes into view.
Natasha wildly gestures.
Natasha's front paws start to glow.
The adder bites you.
Found an escape hatch in the floor.
You take 2 damage, and have 17/30 hp.
Sorry, you're not good enough to have a special ability.
It was a potion of ambrosia.
You are confused.
You feel invigorated.
The adder hisses angrily.
The adder bites you. The adder barely misses you.
MP restored: 5 Unknown command.
It was a potion of resistance.
You feel protected. The adder bites you. The adder barely misses you.
Natasha casts a spell.
You regained 3 hp, and now have 21/30 hp.
You're too confused to move!
Your magical infusion is running out.
The adder barely misses you. The adder closely misses you. The adder bites you.
The adder closely misses you.
You regained 2 hp, and now have 23/30 hp.
You're too confused to move!
The adder barely misses you. The adder misses you. The adder barely misses you.
Natasha extends her claws.
The adder closely misses you.
The crimson imp shouts, "Get thee gone, thou puking spleeny gnoll-tail!"
You regained 6 hp, and now have 29/30 hp.
You miss the adder. You hit the adder.
You feel yourself speed up. The adder bites you.
The adder bites you but does no damage. The adder bites you.
You are poisoned.
The adder poisons you! The adder closely misses you.
You take 4 damage, and have 25/30 hp.
You feel sick.
Natasha mumbles some strange words.
The adder completely misses you.
You regained 2 hp, and now have 27/30 hp.
Unknown command.
You hit the adder. You barely miss the adder.
You are no longer magically infusing your attacks.
The adder bites you but does no damage. x2; The ball python barely misses you. x2
The adder closely misses you.
Health restored: 30 You closely miss the ball python.
You barely miss the adder. x2
You feel less invigorated.
You feel less confused.
You feel sick. The adder bites you. The adder barely misses you.
The ball python bites you but does no damage.
The ball python grabs you. The ball python constricts you.
You take 3 damage, and have 27/30 hp.
Okay, then.
You miss the adder. You barely miss the adder.
You closely miss the ball python. The adder bites you but does no damage.
The adder bites you.
The crimson imp blinks!
The ball python closely misses you. The ball python constricts you.
The adder bites you.
You are more poisoned.
The adder poisons you! The adder bites you.
You take 10 damage, and have 17/30 hp.
MASSIVE DAMAGE!!
You hit the adder.
You kill the adder!
You hit the adder but do no damage. You hit the ball python.
You kill the ball python!
You feel sick. The adder barely misses you. Natasha claws you!
* * * LOW HITPOINT WARNING * * *
You take 10 damage, and have 7/30 hp.
MASSIVE DAMAGE!!
Natasha barely misses you. The adder barely misses you.
You see here an adder corpse.
* * * LOW HITPOINT WARNING * * *
You feel sick.
The shadow imp grinds its teeth.
You take 1 damage, and have 6/30 hp.
Unknown command.
You hit the adder.
* * * LOW HITPOINT WARNING * * *
You feel sick. The adder misses you.
All of the chunks of flesh in your inventory have rotted away.
You hit the adder but do no damage.
* * * LOW HITPOINT WARNING * * *
You feel sick. The adder misses you.
Natasha mumbles some strange words.
The adder bites you.
* * * LOW HITPOINT WARNING * * *
You take 3 damage, and have 3/30 hp.
You barely miss the adder. The adder barely misses you.
Unknown command.
You closely miss the adder. The adder barely misses you.
You hit the adder.
* * * LOW HITPOINT WARNING * * *
You feel sick.
The crimson imp disappears in a puff of smoke!
The adder barely misses you. The adder bites you.
You die...

.. .## .. 8. .###
..._.....# .....
#.# . 8...8 #@#
..### ... ##S#
.....###.# #5h#
.........###g#####
......<..5.§.....#
#...†.5g##.#.#.#
#.....(.##...#
(.......>.##.###
###.......##.#


You could see Natasha, an adder, a shadow imp and a goblin.

Vanquished Creatures
  An adder (D:2)
  A dart slug (D:1)
  A leopard gecko (D:1)
  A ball python (D:2)
  3 goblins (D:1)
  6 hobgoblins (D:1)
  A bat (D:1)
  3 frilled lizards
  A kobold (D:1)
  6 rats (D:1)
24 creatures vanquished.

Notes
Turn   | Place    | Note
-------+----------+-------------------------------------------
     0 | D:1      | Gorglomux the Hill Orc Skald began the quest for the Orb.
     0 | D:1      | Reached XP level 1. HP: 18/18 MP: 3/3
    28 | D:1      | Reached skill level 3 in Axes
    77 | D:1      | Reached XP level 2. HP: 25/25 MP: 1/4
   221 | D:1      | Reached skill level 4 in Axes
   423 | D:1      | Reached XP level 3. HP: 29/30 MP: 1/5
   583 | D:2      | Found an opulent altar of Gozag.
   586 | D:2      | Noticed Natasha
   604 | D:2      | HP: 7/30 [Natasha (9)]
   610 | D:2      | HP: 5/30 [poisoned by an adder]
   613 | D:2      | HP: 2/30 [poisoned by an adder]
   613 | D:2      | Slain by an adder

Vault maps used:
D:1:      lightli_arrival_noodles, minmay_misc_feat_more_columns
D:2:      gammafunk_temple_overflow_wave, nicolae_overflow_crystal_walls,
          nicolae_overflow_hidden_temple, grunt_gozag_statues, uniq_natasha

Skill      XL: |  1  2 |
---------------+-------+-----
Axes           | 3 4 |  4.9
Fighting       | |  2.4
Armour         | |  1.1
Dodging        | |  1.5
Spellcasting   | |  1.5
Charms         | |  2.6

Action                   || total
-------------------------++-------
Melee: Hand axe          ||    51
 Cast: Infusion          ||     9
  Use: Potion            ||     2
Armor: Leather armour    ||    18
Dodge: Dodged            ||    69

Vault maps used:
D:1:      lightli_arrival_noodles, minmay_misc_feat_more_columns
D:2:      gammafunk_temple_overflow_wave, nicolae_overflow_crystal_walls,
          nicolae_overflow_hidden_temple, grunt_gozag_statues, uniq_natasha

Table legend:
 A = Turns spent in this place as a percentage of turns spent in the entire game.
 B = Non-inter-level travel turns spent in this place as a percentage of non-inter-level travel turns spent in the entire game.
 C = Inter-level travel turns spent in this place as a percentage of turns spent in this place.
 D = Turns resting spent in this place as a percentage of non-inter-level travel turns spent in this place.
 E = Turns spent auto-exploring this place as a percentage of non-inter-level travel turns spent in this place.
 F = Non-inter-level travel turns spent in this place divided by the number of levels of this place that you've seen.
                   A       B       C       D       E      F
               +-------+-------+-------+-------+-------+----------------------
         Total | 100.0 | 100.0 |   0.4 |   3.1 |  10.8 | 130.0
       Dungeon | 100.0 | 100.0 |   0.4 |   3.1 |  10.8 | 130.0
               +-------+-------+-------+-------+-------+----------------------

Table legend:
 A = Kills in this place as a percentage of kills in entire the game.
 B = Kills by you in this place as a percentage of kills by you in the entire game.
 C = Kills by friends in this place as a percentage of kills by friends in the entire game.
 D = Other kills in this place as a percentage of other kills in the entire game.
 E = Experience gained in this place as a percentage of experience gained in the entire game.
 F = Experience gained in this place divided by the number of levels of this place that you have seen.
                   A       B       C       D       E      F
               +-------+-------+-------+-------+-------+----------------------
         Total | 100.0 | 100.0 |  -nan |  -nan | 100.0 |  25.0
       Dungeon | 100.0 | 100.0 |  -nan |  -nan | 100.0 |  25.0
               +-------+-------+-------+-------+-------+----------------------
